 Dungeon Crawl Stone Soup version 0.27.1 (webtiles) character file.

Game seed: 17972325509773495723

4479 nightchill the Covert (level 10, 0/61 HPs)
             Began as a Kobold Enchanter on Aug 23, 2021.
             Was a Believer of Wu Jian.
             Succumbed to a killer bee's poison
             ... on level 9 of the Dungeon.
             The game lasted 00:32:42 (13574 turns).

nightchill the Covert (Kobold Enchanter)           Turns: 13574, Time: 00:32:42

Health: 0/61       AC:  8    Str:  9    XL:     10   Next: 64%
Magic:  10/13      EV: 18    Int: 16    God:    Wu Jian [**....]
Gold:   285        SH:  0    Dex: 16    Spells: 1/13 levels left

rFire    + + .     SeeInvis .   a - +1 dagger (venom)
rCold    + . .     Faith    .   (shield restricted)
rNeg     . . .     Spirit   .   s - +2 leather armour {rF+}
rPois    .         Reflect  .   t - +2 hat
rElec    .         Harm     .   k - scarf {rC+ rF+}
rCorr    .         Rampage  .   (no gloves)
Will     +....                  m - +0 pair of boots
Stlth    ++++++....             (no amulet)
HPRegen  0.20/turn              d - +4 ring of evasion
MPRegen  0.13/turn              i - ring of willpower

@: lethally poisoned (0 -> -3), confusing by touch
A: small, no large weapons, nightstalker 3
a: Renounce Religion, Wall Jump


You were on level 9 of the Dungeon.
You worshipped Wu Jian.
Wu Jian was pleased with you.
You visited 2 branches of the dungeon, and saw 10 of its levels.
You also visited: Sewer.

You collected 285 gold pieces.

Inventory:

Hand Weapons
 a - a +1 dagger of venom (weapon)
 o - a +1 dagger
 w - a +0 antimagic rapier
Missiles
 e - 45 poisoned darts
 v - 2 throwing nets
Armour
 k - a scarf of resistance (worn)
 m - a +0 pair of boots (worn)
 s - a +2 leather armour of fire resistance (worn)
 t - a +2 hat (worn)
 z - a +0 kite shield
Jewellery
 d - a +4 ring of evasion (left hand)
 f - a ring of positive energy
 i - a ring of willpower (right hand)
 j - a +4 ring of evasion
 q - a +4 ring of protection
 u - a ring of ice
Wands
 b - a wand of mindburst (13)
 n - a wand of flame (18)
 r - a wand of paralysis (15)
Scrolls
 l - 4 scrolls of immolation
 y - 3 scrolls of teleportation {unknown}
Potions
 c - 2 potions of haste
 g - 8 potions of curing
 h - a potion of might
 p - a potion of invisibility
 x - 3 potions of flight
 A - a potion of resistance {unknown}
 E - 3 potions of mutation


   Skills:
 + Level 6.5 Fighting
 * Level 10.1 Short Blades
 - Level 2.4 Dodging
 * Level 11.5 Stealth
 - Level 2.1 Spellcasting
 * Level 1.8 Conjurations
 + Level 8.0 Hexes
 - Level 2.0 Ice Magic


You had one spell level left.
You knew the following spells:

 Your Spells              Type           Power      Damage    Failure   Level
a - Corona                Hex            30%        N/A       1%          1
b - Ensorcelled Hibernat  Hex/Ice        34%        N/A       5%          2
c - Confusing Touch       Hex            27%        N/A       3%          3
d - Tukima's Dance        Hex            27%        N/A       3%          3
e - Dazzling Flash        Conj/Hex       34%        N/A       12%         3

Your spell library contained the following spells:

 Spells                   Type           Power      Damage    Failure   Level
 Summon Small Mammal      Summ           4%         N/A       28%         1
 Portal Projectile        Hex/Tloc       28%        N/A       17%         3
 Summon Guardian Golem    Hex/Summ       14%        N/A       17%         3
 Call Canine Familiar     Summ           1%         N/A       65%         3
 Gell's Gravitas          Tloc           0%         N/A       65%         3
 Teleport Other           Tloc           1%         N/A       65%         3
 Blade Hands              Tmut           0%         N/A       100%        5
 Excruciating Wounds      Necr           0%         N/A       100%        5
 Dispersal                Tloc           0%         N/A       100%        6


Dungeon Overview and Level Annotations

Branches:
Dungeon (9/15)             Temple (1/1) D:7            Lair (0/6) D:8
    Orc (0/2) D:9           Sewer (visited)

Altars:
Cheibriados
Fedhas
Hepliaklqana
Sif Muna
Trog
Uskayaw
Vehumet
Wu Jian
The Shining One

Shops:
D:1 *   D:5 *

Annotations:
D:2 exclusion: downstairs
D:3 exclusion: 2 downstairs
D:5 exclusions: downstairs and phantom
D:6 exclusion: ugly thing
D:8 5 exclusions


Innate Abilities, Weirdness & Mutations

You are small and have problems with some larger weapons.
You are completely attuned to the shadows.


Message History

You feel much better.
You feel sick. The killer bee stings you. The killer bee misses you.
The centaur warrior drinks a potion.
The centaur warrior seems to grow stronger.
You closely miss the centaur warrior.
You feel sick. The killer bee misses you.
The centaur warrior unwields a +0 shortbow.
The centaur warrior misses you.
The centaur warrior kicks you but does no damage.
You hit the centaur warrior.
The centaur warrior is lightly wounded.
You feel sick. The Council accepts your kill.
You feel a bit more experienced. The killer bee completely misses you.
Your Hexes skill increases to level 8!
You closely miss the centaur warrior.
The centaur warrior is lightly wounded.
You feel sick. The killer bee barely misses you. The centaur warrior hits you!
* * * LOW HITPOINT WARNING * * *
The centaur warrior kicks you but does no damage.
You closely miss the killer bee.
The killer bee is almost dead.
You kill the killer bee!
The Council accepts your kill.
The centaur warrior completely misses you.
The centaur warrior kicks you.
* * * LOW HITPOINT WARNING * * *
Casting: Confusing Touch (dangerous; 3% risk of failure)
Confirm with . or Enter, or press ? or * to list all spells.
Your hands begin to glow red.
You feel sick.
The centaur warrior completely misses you.
The centaur warrior kicks you.
* * * LOW HITPOINT WARNING * * *
You hit the centaur warrior but do no damage.
The centaur warrior is lightly wounded.
The centaur warrior hits you!
* * * LOW HITPOINT WARNING * * *
The centaur warrior kicks you.
* * * LOW HITPOINT WARNING * * *
You hit the centaur warrior but do no damage.
The centaur warrior is lightly wounded.
You die...

##..)y ......####.
###...$.# ...........
.#.......# #.........#
........# #......###
.......# ##...### .......#
####...# .....y.##
###......# ......)y####
#........#
........)#@#####.....#####
...#....c.#......8......#
.###.....#.............#
#....##.............#
##....)................
#....#..8.....>.....8..
...)...##................
.......###.............
........# .............


You could see a centaur warrior (strong).

Vanquished Creatures
  A two-headed ogre (D:6)
  Pikel (D:3)
  Grinder (D:4)
  A spriggan (D:7)
  A shadow (D:9)
  Eustachio (D:4)
  A steam dragon (D:8)
  2 water moccasins
  An orc warrior (D:6)
  An ice beast (D:7)
  A centaur (D:8)
  An ogre (D:7)
  5 phantoms
  2 lemures
  A kobold brigand (D:9)
  A scorpion (D:6)
  5 killer bees (D:9)
  10 wights
  A jelly (D:5)
  A bullfrog skeleton (D:6)
  2 gnoll shamans
  2 orc priests
  3 hounds
  A centaur skeleton (D:5)
  2 iguanas
  A killer bee zombie (D:7)
  8 ogre zombies (D:9)
  A hound zombie (D:5)
  A hound skeleton (D:5)
  A mummy (D:6)
  Robin (D:4)
  3 howler monkey zombies
  16 gnolls
  7 adders
  A white imp (D:5)
  2 adder skeletons (D:4)
  4 worms
  4 dart slugs
  19 orcs
  6 endoplasms
  2 giant cockroaches
  11 goblins
  15 hobgoblins
  2 jackals (D:5)
  17 kobolds
  A quokka (D:4)
  6 ball pythons
  9 bats
  A frilled lizard (D:1)
  5 goblin zombies (D:9)
  3 hobgoblin skeletons (D:9)
  5 hobgoblin zombies
  A kobold zombie (D:6)
  An orc skeleton (D:9)
  11 orc zombies
  5 rats
219 creatures vanquished.

Vanquished Creatures (others)
  4 fungi (D:4)
  36 plants
40 creatures vanquished.

Grand Total: 259 creatures vanquished

Notes
Turn   | Place    | Note
-------+----------+-------------------------------------------
     0 | D:1      | nightchill the Kobold Enchanter began the quest for the
                  | Orb.
     0 | D:1      | Reached XP level 1. HP: 10/10 MP: 3/3
   422 | D:1      | Reached XP level 2. HP: 16/16 MP: 5/5
   425 | D:1      | Learned a level 2 spell: Ensorcelled Hibernation
   911 | D:1      | Found Gutokk's General Store.
  1084 | D:1      | Reached XP level 3. HP: 20/20 MP: 6/6
  1280 | D:1      | Found a faded altar of an unknown god.
  1331 | D:2      | Reached skill level 1 in Ice Magic
  1509 | D:2      | Found a snail-covered altar of Cheibriados.
  1701 | D:2      | Reached skill level 1 in Fighting
  1701 | D:2      | Reached XP level 4. HP: 25/25 MP: 7/7
  2461 | D:3      | Found a shimmering blue altar of Sif Muna.
  2674 | D:3      | Found a glowing drain.
  2680 | Sewer    | Entered a sewer
  2881 | D:3      | Reached XP level 5. HP: 27/29 MP: 5/8
  3238 | D:3      | Found a hazy altar of Hepliaklqana.
  3466 | D:2      | Learned a level 3 spell: Confusing Touch
  3773 | D:4      | Found a blossoming altar of Fedhas.
  3785 | D:4      | Identified a scroll of acquirement
  3785 | D:4      | Acquired a +0 antimagic rapier
  3865 | D:4      | Noticed a lemure
  3870 | D:4      | Noticed a lemure
  3871 | D:4      | Noticed Pikel
  3872 | D:4      | Killed a lemure
  3916 | D:4      | Noticed Robin
  3916 | D:4      | Noticed Grinder
  3918 | D:4      | Noticed a lemure
  3964 | D:4      | Noticed a lemure
  4029 | D:3      | Killed a lemure
  4201 | D:4      | Noticed a phantom
  4223 | D:3      | Killed Pikel
  4224 | D:3      | Reached skill level 6 in Stealth
  4224 | D:3      | Reached skill level 5 in Hexes
  4224 | D:3      | Reached XP level 6. HP: 7/37 MP: 2/9
  4224 | D:3      | Reached XP level 7. HP: 7/41 MP: 2/10
  4898 | D:4      | Killed Grinder
  4899 | D:4      | Reached skill level 5 in Short Blades
  4899 | D:4      | Reached XP level 8. HP: 27/48 MP: 1/11
  5425 | D:4      | Killed Robin
  5832 | D:4      | Noticed Eustachio
  5845 | D:4      | Killed Eustachio
  5846 | D:4      | Reached skill level 7 in Stealth
  6964 | D:5      | Entered Level 5 of the Dungeon
  7760 | D:5      | Found Vekuppue's Assorted Antiques.
  8511 | D:5      | Reached skill level 8 in Stealth
  8511 | D:5      | Reached XP level 9. HP: 45/52 MP: 8/12
  8814 | D:6      | Noticed a two-headed ogre
  8818 | D:6      | Killed a two-headed ogre
  8819 | D:6      | Reached skill level 5 in Fighting
  8819 | D:6      | Reached skill level 9 in Stealth
  9465 | D:6      | Found a radiant altar of Vehumet.
  9532 | D:6      | Noticed a white ugly thing
 10053 | D:7      | Found a staircase to the Ecumenical Temple.
 10065 | Temple   | Entered the Ecumenical Temple
 10113 | Temple   | Became a worshipper of the Wu Jian Council
 10461 | D:7      | Reached skill level 10 in Stealth
 10461 | D:7      | Reached XP level 10. HP: 60/60 MP: 13/13
 11488 | D:8      | Found a staircase to the Lair.
 11494 | D:8      | Noticed a komodo dragon
 11877 | D:8      | Reached skill level 11 in Stealth
 12624 | D:9      | Found a staircase to the Orcish Mines.
 12709 | D:9      | Reached * piety under Wu Jian
 12791 | D:9      | Learned a level 3 spell: Tukima's Dance
 12795 | D:9      | Learned a level 3 spell: Dazzling Flash
 12970 | D:9      | HP: 2/61 [something (32)]
 13143 | D:9      | Reached skill level 1 in Conjurations
 13447 | D:9      | Reached skill level 10 in Short Blades
 13534 | D:9      | Noticed a centaur warrior
 13562 | D:9      | Reached ** piety under Wu Jian
 13573 | D:9      | HP: 2/61 [centaur warrior (8)]
 13574 | D:9      | Succumbed to a killer bee's poison

Illustrated notes

Levels and vault maps discovered:
D:1:      lordsloth_arrival_two_stooges, layout_loops_ring,
          basic_ecumenical_altar, serial_shops, nicolae_shop_behind_doors,
          minivault_23
D:2:      layout_loops_ring, basic_altar
D:3:      layout_rooms, mainiacjoe_overflow_boulevard,
          nicolae_hepliaklqana_hazy_memory, portal_sewer_entry_b
D:4:      layout_rooms, fedhas_altar_3, kennysheep_potato, uniq_pikel,
          uniq_eustachio, uniq_robin, uniq_grinder
D:5:      layout_loops_corners, serial_shops, nicolae_lakefront_shop
D:6:      cheibrodos_fzero, layout_layer_cave, kennysheep_little_box,
          nrook_uturn, minmay_mini_ossuary
D:7:      layout_basic, minmay_temple_entry_large_hall,
          chequers_serial_rivers_micro_d, the_hattery
D:8:      layout_loops_ring, mainiacjoe_overflow_brackets, david_lair_shrubbed
D:9:      layout_layer_cave, zombieorc2_lemuel
Temple:   eino_temple_water

Skill      XL: |  1  2  3  4  5  6  7  8  9 10 |
---------------+-------------------------------+-----
Short Blades   | 2 4 5 6 8 10 | 10.1
Ice Magic      | 1 2 |  2.0
Fighting       | 1 3 4 5 6 |  6.5
Hexes          | 5 6 7 8 |  8.0
Stealth        | 6 8 10 11 | 11.5
Conjurations   | 1 |  1.8
Dodging        | |  2.4
Spellcasting   | |  2.1

Action                   |  1- 3 |  4- 6 |  7- 9 | 10-12 || total
-------------------------+-------+-------+-------+-------++-------
Melee: Dagger            |    43 |   177 |   335 |   335 ||   890
       Rapier            |       |       |    38 |       ||    38
 Cast: Corona            |     4 |    10 |     1 |       ||    15
       Ensorcelled Hiber |     7 |    30 |    12 |       ||    49
       Confusing Touch   |       |     1 |    11 |    19 ||    31
Invok: Lunge             |       |       |     3 |    22 ||    25
       Whirlwind         |       |       |       |    15 ||    15
  Use: Scroll            |       |     2 |    12 |       ||    14
       Potion            |       |       |       |     2 ||     2
 Stab: Sleeping          |    24 |    28 |    30 |    19 ||   101
       Confused          |       |     1 |    13 |    18 ||    32
       Distracted        |       |     1 |     1 |     1 ||     3
Armor: Robe              |     2 |     9 |    15 |       ||    26
       Leather armour    |       |       |    26 |    34 ||    60
Dodge: Dodged            |    21 |   145 |   257 |   147 ||   570
